[Event "Team 45 45 League T33"]
[Site "Internet Chess Club"]
[Date "2007.04.27"]
[Round "2"]
[White "HKNIGHT"]
[Black "gagdad"]
[Result "1-0"]
[WhiteElo "1658"]
[BlackElo "1672"]
[ECO "A80"]
[TimeControl "2700+45"]

1. d4 f5 2. e3 Nf6 3. Nf3 g6 4. c4 Bg7 5. Nc3 d6 6. Be2 O-O 7. d5 Qe8 8. O-O Bd7
9. Rb1 c5 10. Qc2 Na6 11. a3 b6 12. Bd3 Qf7 13. Re1 e5 14. dxe6 Bxe6 15. Ng5 Qd7
16. Nxe6 Qxe6 17. Nd5 Qf7 18. f3 Nxd5 19. cxd5 Nc7 20. e4 Rae8 21. Bf4 fxe4 22.
Bxd6 exd3 23. Qxd3 Rxe1+ 24. Rxe1 Rd8 25. Bxc7 Qxc7 26. d6 Qxd6 27. Re8+ Kf7 28.
Rxd8 Bd4+ 29. Qxd4 Qxd4+ 30. Rxd4 cxd4 31. Kf2 Ke6 32. Ke2 Kd5 33. Kd3 a5 34. b3
Kc5 35. f4 b5 36. g4 b4 37. a4 Kd5 38. g5 Kc5 39. Ke4 d3 40. Kxd3 Kd5 41. h3 Ke6
42. Ke4 Kd6 43. f5 {Black resigns} 1-0

[Event "Team 45 45 League T33"]
[Site "Internet Chess Club"]
[Date "2007.05.01"]
[Round "2"]
[White "scyther314159"]
[Black "Dagambiter"]
[Result "1-0"]
[WhiteElo "1439"]
[BlackElo "1517"]
[ECO "B38"]
[TimeControl "2700+45"]

1. e4 c5 2. Nf3 g6 3. d4 cxd4 4. Nxd4 Nc6 5. c4 Bg7 6. Be3 Nf6 7. Nc3 d6 8. Be2
O-O 9. O-O Ne5 10. Qc2 Neg4 11. Qd2 Nxe3 12. Qxe3 Bd7 13. Kh1 Rc8 14. b3 Re8 15.
f4 e5 16. Ndb5 Bxb5 17. Nxb5 exf4 18. Qxf4 Rxe4 19. Qd2 Qe7 20. Bf3 Re3 21. Qxd6
Qxd6 22. Nxd6 Rd8 23. Nxb7 Rd2 24. Rfd1 Red3 25. Nc5 Rxd1+ 26. Rxd1 Rxd1+ 27.
Bxd1 Ne8 28. a4 Nc7 29. b4 Bf8 30. Nd3 Na6 31. b5 Nb4 32. Ne5 f6 33. Nd7 Be7 34.
c5 Nd3 35. c6 Bd8 36. Kg1 Kg7 37. Kf1 g5 38. Ke2 Nf4+ 39. Kf3 Bc7 40. Bb3 h5 41.
g3 Nd3 42. Ke4 Nf2+ 43. Kf5 Bd8 44. Nxf6 Ng4 45. Nxh5+ {Black resigns} 1-0

[Event "Team 45 45 League T33"]
[Site "Internet Chess Club"]
[Date "2007.04.30"]
[Round "2"]
[White "kingphisch"]
[Black "Dostoy"]
[Result "0-1"]
[WhiteElo "1529"]
[BlackElo "1537"]
[ECO "B13"]
[TimeControl "2700+45"]

1. e4 c6 2. d4 d5 3. exd5 cxd5 4. Bd3 Nc6 5. c3 Nf6 6. Nf3 Bg4 7. Bf4 Qb6 8. Qb3
Qxb3 9. axb3 Nh5 10. Bg3 Bxf3 11. gxf3 e6 12. Na3 a6 13. Nb5 Nxg3 14. hxg3 Kd7
15. Rxh7 Rxh7 16. Bxh7 g6 17. Bg8 Ke7 18. Nc7 Rc8 19. Nxa6 bxa6 20. Rxa6 Bh6 21.
b4 Kf6 22. b5 Ne7 23. Bxf7 Kxf7 24. b6 Rb8 25. b3 Nf5 26. g4 Nd6 27. Ra7+ Kf6
28. Ra6 Nc8 29. c4 dxc4 30. bxc4 Rxb6 31. Rxb6 Nxb6 32. c5 Nd5 33. Ke2 Ke7 34.
Kd3 Kd7 35. Ke4 Bf4 36. Kd3 Kc6 37. Ke4 Kb5 38. Kd3 Bh2 39. Ke4 Kc4 40. c6 Kb5
41. Kd3 Kxc6 42. Ke4 Kb5 43. Kd3 Kc6 44. Ke4 Kd6 45. Kd3 Nf4+ 46. Ke4 Nh3 47.
Ke3 Kd5 48. Ke2 Kxd4 49. Kf1 Bd6 50. Ke1 Ke5 51. Kf1 Bc5 52. Kg2 Kf4 53. Kxh3
Kxf3 54. Kh4 e5 55. Kg5 e4 56. Kxg6 Kxf2 57. Kf5 e3 58. g5 e2 59. g6 Bf8 60. Kf6
e1=Q 61. Kf7 Qe4 {White resigns} 0-1

[Event "Team 45 45 League T33"]
[Site "Internet Chess Club"]
[Date "2007.04.28"]
[Round "2"]
[White "mongmong"]
[Black "twintower"]
[Result "0-1"]
[WhiteElo "1582"]
[BlackElo "1609"]
[ECO "A48"]
[TimeControl "2700+45"]

1. d4 Nf6 2. Nf3 g6 3. e3 Bg7 4. Be2 O-O 5. O-O d6 6. c4 c5 7. Nc3 Nbd7 8. a3 a6
9. b4 b6 10. Nd2 Bb7 11. Bf3 Qc7 12. Bxb7 Qxb7 13. Nf3 Ne4 14. Nxe4 Qxe4 15. Bb2
Rac8 16. Rc1 Nf6 17. Qc2 Qxc2 18. Rxc2 Ne4 19. Nd2 f5 20. Nxe4 fxe4 21. Bc3 Rf7
22. a4 Rcf8 23. b5 a5 24. Ba1 Bh6 25. Rd1 Bg7 26. Rcd2 Rf5 27. Bb2 Bh6 28. Ba3
Rxf2 29. Rxf2 Bxe3 30. Kh1 Rxf2 31. dxc5 Ra2 32. cxb6 Bxb6 33. Bc1 Rxa4 34. Bh6
Kf7 35. Rf1+ Ke6 36. Rc1 e3 37. g3 Ra2 38. Bg7 Rf2 39. Bc3 e2 40. Be1 Rf1+ 41.
Kg2 Rg1+ 42. Kf3 Bf2 43. Kxe2 Rxe1+ 44. Rxe1 Bxe1 45. Kxe1 Kd7 46. Kd2 e5 47.
Kc3 a4 48. Kb4 e4 49. Kxa4 e3 50. b6 Kc8 51. Kb5 e2 52. c5 dxc5 53. Kxc5 e1=Q
{White resigns} 0-1

[Event "Team 45 45 League T33"]
[Site "Internet Chess Club"]
[Date "2007.04.29"]
[Round "2"]
[White "calily"]
[Black "b-spot"]
[Result "0-1"]
[WhiteElo "1708"]
[BlackElo "1676"]
[ECO "E32"]
[TimeControl "2700+45"]

1. d4 Nf6 2. c4 e6 3. Nc3 Bb4 4. Qc2 O-O 5. Nf3 b6 6. a3 Bxc3+ 7. Qxc3 Bb7 8.
Bg5 d6 9. e3 Nbd7 10. Be2 h6 11. Bh4 g5 12. Bg3 g4 13. Nh4 h5 14. Bd3 Ne4 15.
Bxe4 Bxe4 16. f3 gxf3 17. gxf3 Bb7 18. O-O-O Qf6 19. Rhg1 Kh8 20. Rdf1 Rg8 21.
e4 Qh6+ 22. Kb1 Rg7 23. d5 Rg8 24. f4 Nc5 25. Re1 Bc8 26. b4 Na4 27. Qd4 Kh7 28.
Ka2 Rg4 29. Qe3 Qg7 30. Kb3 Bd7 31. dxe6 Qb2# {White checkmated} 0-1

[Event "Team 45 45 League T33"]
[Site "Internet Chess Club"]
[Date "2007.04.28"]
[Round "2"]
[White "tammany"]
[Black "egd01"]
[Result "1-0"]
[WhiteElo "1708"]
[BlackElo "1650"]
[ECO "B76"]
[TimeControl "2700+45"]

1. e4 c5 2. Nf3 d6 3. d4 cxd4 4. Nxd4 Nf6 5. Nc3 g6 6. Be3 Bg7 7. f3 O-O 8. Qd2
Nbd7 9. O-O-O a6 10. Bh6 b5 11. Bxg7 Kxg7 12. g4 Ne5 13. h4 b4 14. Nd5 Nxd5 15.
exd5 Qa5 16. Kb1 f5 17. h5 f4 18. hxg6 Nxg6 19. Qh2 Rh8 20. Qh6+ Kf7 21. Bd3 Ne5
22. Qxf4+ Ke8 23. Rxh7 Rxh7 24. Bxh7 Qxd5 25. Be4 Qc4 26. Bxa8 a5 27. b3 Qa6 28.
Qe4 a4 29. Bc6+ Kd8 30. Bxa4 Bd7 31. Bxd7 Nxd7 32. Nc6+ Kc7 33. Nxe7 {Black
resigns} 1-0

[Event "Team 45 45 League T33"]
[Site "Internet Chess Club"]
[Date "2007.04.30"]
[Round "2"]
[White "jjmolina"]
[Black "dougmo"]
[Result "1-0"]
[WhiteElo "1479"]
[BlackElo "1530"]
[ECO "C17"]
[TimeControl "2700+45"]

1. e4 e6 2. d4 d5 3. Nc3 Bb4 4. e5 c5 5. Bd2 Ne7 6. Nb5 Bxd2+ 7. Qxd2 O-O 8.
dxc5 Nbc6 9. f4 f6 10. Nf3 fxe5 11. fxe5 b6 12. Nd6 bxc5 13. Bb5 a6 14. Ba4 Qa5
15. Qxa5 Nxa5 16. Nxc8 Raxc8 17. Bd7 Rb8 18. Bxe6+ Kh8 19. Ng5 h6 20. Nf7+ Kh7
21. O-O Nc4 22. b3 Nd2 23. Rfd1 Ne4 24. Nd6 Nc3 25. Re1 Nb5 26. c4 Nd4 27. cxd5
Nc2 28. Ne4 Nxa1 29. Rxa1 Rbd8 30. d6 Nc6 31. Nxc5 Nxe5 32. Re1 Nf7 33. d7 Ra8
34. Bc4 a5 35. Ne6 Rh8 36. Rf1 Nd8 37. Nf8+ Rxf8 38. Rxf8 g5 39. Re8 Kg7 40. Bd5
Rb8 41. Bc4 Ra8 42. Rg8+ Kh7 43. Re8 Kg7 44. Kf2 Kf6 45. Kg3 h5 46. Be2 g4 47.
Kh4 Kg6 48. Bd3+ Kh6 49. Rh8+ Kg7 50. Rxh5 Nf7 51. Rh7+ Kf6 52. Bc4 Ne5 53. Rh6+
Kf5 54. Kh5 Nxc4 55. bxc4 Rd8 56. Rh7 Ke5 57. Kxg4 Kd4 58. h4 Kxc4 59. h5 Kd5
60. h6 Ke6 61. Rg7 Kf6 62. Kh5 a4 63. g4 {Black resigns} 1-0

[Event "Team 45 45 League T33"]
[Site "Internet Chess Club"]
[Date "2007.04.30"]
[Round "2"]
[White "werty"]
[Black "kabubi"]
[Result "1-0"]
[WhiteElo "1469"]
[BlackElo "1241"]
[ECO "D04"]
[TimeControl "2700+45"]

1. d4 d5 2. Nf3 Nf6 3. e3 c6 4. Bd3 Ne4 5. Nbd2 Bf5 6. O-O e6 7. c3 c5 8. Bc2
Be7 9. Nxe4 dxe4 10. Nd2 cxd4 11. cxd4 Nc6 12. Bxe4 Bxe4 13. Nxe4 Qd5 14. Nc3
Qd7 15. a3 O-O 16. d5 Ne5 17. dxe6 Qxe6 18. Qd5 Qxd5 19. Nxd5 Bd6 20. b4 a5 21.
Rd1 axb4 22. Nf6+ gxf6 23. Rxd6 Nc4 24. Rd3 b5 25. Rb3 Rfd8 26. Bb2 Nxb2 27.
Rxb2 Rxa3 28. Rab1 Rdd3 29. Rxb4 Rd5 30. g3 Ra5 31. Kg2 Kf8 32. Re4 Re5 33. Rd4
Ke7 34. Rc1 Ra7 35. Rb1 Rb7 36. h4 h5 37. Kh3 f5 38. Kg2 Re4 39. Rd5 Ke6 40.
Rdxb5 Rd7 41. Rb6+ {Black resigns} 1-0

[Event "Team 45 45 League T33"]
[Site "Internet Chess Club"]
[Date "2007.04.26"]
[Round "2"]
[White "Ernie1"]
[Black "Warpdrive"]
[Result "1-0"]
[WhiteElo "1616"]
[BlackElo "1616"]
[ECO "A00"]
[TimeControl "2700+45"]

1. c3 e5 2. d4 exd4 3. cxd4 Nf6 4. Nf3 d5 5. Bg5 Be7 6. Nc3 Bf5 7. e3 Nbd7 8.
Bd3 Bxd3 9. Qxd3 c6 10. e4 h6 11. Bxf6 Nxf6 12. e5 Ne4 13. Nxe4 dxe4 14. Qxe4
Bb4+ 15. Kf1 Qe7 16. a3 Ba5 17. b4 Bb6 18. g3 h5 19. h4 O-O-O 20. Kg2 Rhf8 21.
Rac1 f5 22. Qf4 Rd5 23. Rhd1 g6 24. Qg5 Qxg5 25. Nxg5 Re8 26. Nf7 Bc7 27. Rc5
Rxc5 28. bxc5 Re7 29. Nd6+ Bxd6 30. cxd6 Re6 31. f4 Kd7 32. d5 Re8 33. Rb1 Rb8
34. dxc6+ Kxc6 35. Rc1+ Kd7 36. Rc7+ Ke6 37. Re7+ Kd5 38. d7 Rd8 39. e6 {Black
resigns} 1-0

[Event "Team 45 45 League T33"]
[Site "Internet Chess Club"]
[Date "2007.04.26"]
[Round "2"]
[White "CoronelCintra"]
[Black "NESKAYA"]
[Result "1-0"]
[WhiteElo "1842"]
[BlackElo "1616"]
[ECO "A47"]
[TimeControl "2700+45"]

1. d4 Nf6 2. Nf3 b6 3. Bg5 e6 4. e4 Be7 5. Nbd2 Bb7 6. Bd3 O-O 7. O-O d6 8. Re1
Nbd7 9. c3 c5 10. e5 Ne8 11. Bxe7 Qxe7 12. Qc2 h6 13. Rac1 cxd4 14. cxd4 dxe5
15. dxe5 Rc8 16. Qb1 Rxc1 17. Rxc1 Nc5 18. Bc2 Nc7 19. b4 N5a6 20. a3 Nb5 21.
Be4 Nxa3 22. Qd3 Bxe4 23. Nxe4 Qxb4 24. Qxa6 Qb2 25. Rf1 Nc2 26. Qxa7 Nd4 27.
Nxd4 Qxd4 28. Nd6 Qxe5 29. Qxb6 Qd5 30. Qc7 Qe5 31. Qe7 Qc5 32. h3 e5 33. Re1 f6
34. Re4 Ra8 35. Qf7+ Kh8 36. Rg4 Ra7 37. Qe8+ Kh7 38. Nf7 Rxf7 39. Qxf7 {Black
resigns} 1-0

[Event "Team 45 45 League T33"]
[Site "Internet Chess Club"]
[Date "2007.04.28"]
[Round "2"]
[White "ogoon"]
[Black "Talmage"]
[Result "1/2-1/2"]
[WhiteElo "1508"]
[BlackElo "1609"]
[ECO "C40"]
[TimeControl "2700+45"]

1. e4 e5 2. Nf3 f5 3. Nxe5 Qf6 4. d4 d6 5. Nf3 fxe4 6. Bg5 Qf5 7. Qe2 Be7 8.
Bxe7 exf3 9. Qe3 Nxe7 10. gxf3 Qxc2 11. Bd3 Qxb2 12. O-O Qxa1 13. Nc3 Qxc3 14.
Bb5+ Qc6 15. Bxc6+ Nxc6 16. d5 Ne5 17. f4 Ng4 18. Qe2 Nf6 19. Rd1 Kf7 20. Qf3
Bg4 {Game drawn by mutual agreement} 1/2-1/2

[Event "Team 45 45 League T33"]
[Site "Internet Chess Club"]
[Date "2007.04.28"]
[Round "2"]
[White "DenisLewis"]
[Black "MarcoDeSade"]
[Result "1-0"]
[WhiteElo "1521"]
[BlackElo "1374"]
[ECO "D43"]
[TimeControl "2700+45"]

1. d4 Nf6 2. c4 e6 3. Nf3 c6 4. Nc3 d5 5. Bg5 Be7 6. e3 Nbd7 7. Bd3 Nb6 8. Ne5
dxc4 9. Nxc4 Nfd7 10. Bxe7 Qxe7 11. Qg4 O-O 12. Nxb6 Nxb6 13. h4 Nd5 14. h5 e5
15. Qe4 Nxc3 16. Qxh7# {Black checkmated} 1-0

[Event "Team 45 45 League T33"]
[Site "Internet Chess Club"]
[Date "2007.04.25"]
[Round "2"]
[White "Grenadier"]
[Black "hondocando"]
[Result "1-0"]
[WhiteElo "1858"]
[BlackElo "1536"]
[ECO "B21"]
[TimeControl "2700+45"]

1. e4 c5 2. d4 cxd4 3. c3 Nc6 4. cxd4 d5 5. e5 Bf5 6. Nf3 e6 7. Bb5 Qb6 8. Nc3
Bb4 9. O-O Ne7 10. Be3 Bxc3 11. Bxc6+ Qxc6 12. bxc3 O-O 13. Nh4 Rfc8 14. Bg5 Rc7
15. Rc1 Bg6 16. Re1 Nc8 17. Nxg6 hxg6 18. Re3 Qc4 19. Qg4 Ne7 20. Bxe7 Rxe7 21.
Rh3 Rc7 22. Qh4 Kf8 23. Qh8+ Ke7 24. Qxa8 Qxd4 25. Rh8 {Black resigns} 1-0

[Event "Team 45 45 League T33"]
[Site "Internet Chess Club"]
[Date "2007.04.28"]
[Round "2"]
[White "clarinetref"]
[Black "fredd"]
[Result "1-0"]
[WhiteElo "1601"]
[BlackElo "1540"]
[ECO "A05"]
[TimeControl "2700+45"]

1. Nf3 Nf6 2. g3 d5 3. Bg2 e6 4. O-O b6 5. d3 Bb7 6. Nbd2 Be7 7. Re1 O-O 8. e4
dxe4 9. Ng5 Nbd7 10. Ngxe4 Nxe4 11. dxe4 f5 12. Qe2 f4 13. Qc4 Nc5 14. b4 fxg3
15. hxg3 Bf6 16. c3 Nd3 17. Re2 Bc8 18. e5 Nxe5 19. Rxe5 Bxe5 20. Bxa8 Qf6 21.
Ne4 Qf7 22. Be3 h6 23. Rd1 Bd7 24. Bc6 Bxc6 25. Qxc6 Kh8 26. Rd7 Qg6 27. Re7 Qg4
28. Nd2 Bd6 29. Re8 Qd1+ 30. Kg2 Kh7 31. Qe4+ g6 32. Rxf8 Bxf8 33. Qxe6 Bg7 34.
Qd7 c5 35. bxc5 bxc5 36. Bxc5 h5 37. Bd4 Kh6 38. Qxg7+ Kg5 39. f4+ Kf5 40. Qf6+
{Black resigns} 1-0

[Event "Team 45 45 League T33"]
[Site "Internet Chess Club"]
[Date "2007.04.26"]
[Round "2"]
[White "Aquaman"]
[Black "BrerRabbit"]
[Result "1/2-1/2"]
[WhiteElo "1479"]
[BlackElo "1555"]
[ECO "A15"]
[TimeControl "2700+45"]

1. c4 Nf6 2. g3 c5 3. Bg2 e6 4. e3 d5 5. cxd5 Nxd5 6. Nc3 Nxc3 7. bxc3 c4 8.
Qa4+ Bd7 9. Qxc4 Bc6 10. Nf3 Be7 11. O-O O-O 12. d4 Nd7 13. Rd1 Rc8 14. Qd3 Nf6
15. c4 Be4 16. Qb3 b6 17. a4 Qc7 18. Nd2 Bxg2 19. Kxg2 Qc6+ 20. Kg1 a5 21. Ba3
Bxa3 22. Rxa3 Ne4 23. Nxe4 Qxe4 24. Qa2 e5 25. Rc3 Rfd8 26. d5 Rc7 27. Qc2 Qxc2
28. Rxc2 Rdc8 29. Rdc1 Kf8 30. e4 Ke7 31. Kg2 Kd6 32. Kf3 h5 33. h4 Kc5 34. Rb1
Kd4 35. Rd1+ Kc5 36. Rb1 Kd4 37. Rd1+ Kc5 {Game drawn by mutual agreement}
1/2-1/2

[Event "Team 45 45 League T33"]
[Site "Internet Chess Club"]
[Date "2007.04.30"]
[Round "2"]
[White "BillyNoMates"]
[Black "SneakyRed"]
[Result "1/2-1/2"]
[WhiteElo "1895"]
[BlackElo "1810"]
[ECO "B12"]
[TimeControl "2700+45"]

1. e4 c6 2. d4 d5 3. e5 Bf5 4. Bd3 Bxd3 5. Qxd3 e6 6. Nf3 Qa5+ 7. c3 Qa6 8. Qxa6
Nxa6 9. O-O c5 10. Nbd2 Ne7 11. Nb3 Nc6 {Game drawn by mutual agreement} 1/2-1/2

[Event "Team 45 45 League T33"]
[Site "Internet Chess Club"]
[Date "2007.04.27"]
[Round "2"]
[White "Fysh"]
[Black "shijith"]
[Result "0-1"]
[WhiteElo "1770"]
[BlackElo "1773"]
[ECO "E60"]
[TimeControl "2700+45"]

1. d4 Nf6 2. c4 g6 3. e4 Nxe4 4. Bd3 Nf6 5. Nf3 Bg7 6. O-O O-O 7. Bg5 d5 8. Re1
dxc4 9. Bxc4 Nbd7 10. Nc3 Nb6 11. Bb3 Bf5 12. Qe2 h6 13. Bh4 e6 14. Rad1 Re8 15.
Ne5 g5 16. Bg3 c6 17. f4 gxf4 18. Bxf4 Nfd5 19. Bc1 f6 20. Ng4 h5 21. Nh6+ Bxh6
22. Bxh6 Bg4 23. Qd3 Kh8 24. Rd2 Rc8 25. Rf2 Nd7 26. Nxd5 exd5 27. Rxe8+ Qxe8
28. h3 Be6 29. Re2 Qf7 30. Bc2 Re8 31. Qe3 Nb6 32. Bf8 Qxf8 33. Bg6 Re7 34. Bf5
Nc4 35. Qf3 Bxf5 36. Qxf5 Rh7 37. Re6 Nxb2 38. Rxf6 Qe7 39. Rf8+ Kg7 40. Rb8 Nc4
41. Qc8 Kh6 42. Qg8 Qe3+ 43. Kh1 Qxd4 44. Qe6+ Kg5 45. Rg8+ Rg7 46. Qe7+ Kg6 47.
Qe8+ Kf6 48. Rf8+ Kg5 49. Qd8+ Kh6 50. Rh8+ Rh7 51. Qf8+ Qg7 52. Qf4+ Kg6 53.
Rf8 Qa1+ 54. Kh2 Qe5 55. Rg8+ Rg7 56. Rxg7+ Kxg7 {White resigns} 0-1

[Event "Team 45 45 League T33"]
[Site "Internet Chess Club"]
[Date "2007.04.29"]
[Round "2"]
[White "LoseOften"]
[Black "Chess2Play"]
[Result "1-0"]
[WhiteElo "1792"]
[BlackElo "1660"]
[ECO "B35"]
[TimeControl "2700+45"]

1. e4 c5 2. Nf3 Nc6 3. d4 cxd4 4. Nxd4 g6 5. Nc3 Bg7 6. Be3 Nf6 7. Bc4 O-O 8.
Bb3 d6 9. f3 Na5 10. Qd2 Nxb3 11. axb3 Re8 12. h4 Bd7 13. g4 e5 14. Nde2 Bc6 15.
O-O-O Bf8 16. h5 Kh8 17. hxg6 fxg6 18. Ng3 a5 19. Bh6 Bxh6 20. Qxh6 Re7 21. Qxg6
Rg7 22. Qh6 Rg6 23. Qxg6 {Black resigns} 1-0

[Event "Team 45 45 League T33"]
[Site "Internet Chess Club"]
[Date "2007.04.28"]
[Round "2"]
[White "touchthis"]
[Black "Stav"]
[Result "1-0"]
[WhiteElo "1784"]
[BlackElo "1730"]
[ECO "B40"]
[TimeControl "2700+45"]

1. e4 c5 2. Nf3 e6 3. d3 d5 4. Nbd2 Nc6 5. g3 d4 6. Bg2 e5 7. O-O Nf6 8. Nc4 Qc7
9. a4 Be7 10. Ng5 O-O 11. f4 Bg4 12. Bf3 Bxf3 13. Nxf3 Nd7 14. f5 Bf6 15. Ng5 g6
16. Qg4 Bg7 17. fxg6 fxg6 18. Qe6+ Kh8 19. Nf7+ Rxf7 20. Rxf7 Nd8 21. Qe8+ Bf8
22. Rxf8+ Kg7 23. Qe7+ {Black resigns} 1-0

[Event "Team 45 45 League T33"]
[Site "Internet Chess Club"]
[Date "2007.04.29"]
[Round "2"]
[White "chinta"]
[Black "ivanson"]
[Result "1-0"]
[WhiteElo "1667"]
[BlackElo "1909"]
[ECO "C28"]
[TimeControl "2700+45"]

1. e4 e5 2. Bc4 Nf6 3. Nc3 Nc6 4. Nf3 Be7 5. a3 d6 6. d3 O-O 7. h3 Kh8 8. Ng5
Kg8 9. f4 exf4 10. Bxf4 h6 11. Nf3 Nh7 12. Qd2 Kh8 13. O-O-O f5 14. e5 dxe5 15.
Bxe5 Nxe5 16. Nxe5 Bg5 17. Ng6# {Black checkmated} 1-0

[Event "Team 45 45 League T33"]
[Site "Internet Chess Club"]
[Date "2007.04.29"]
[Round "2"]
[White "mickeys"]
[Black "shakkimestari"]
[Result "1/2-1/2"]
[WhiteElo "1677"]
[BlackElo "1749"]
[ECO "E10"]
[TimeControl "2700+45"]

1. d4 Nf6 2. c4 e6 3. Nf3 d5 4. Bg5 Bb4+ 5. Nbd2 O-O 6. e3 h6 7. Bh4 c6 8. Be2
Nbd7 9. O-O b6 10. a3 Bd6 11. e4 dxe4 12. Nxe4 Be7 13. Nxf6+ Bxf6 14. Bxf6 Nxf6
15. Qc2 Qc7 16. Ne5 c5 17. Bf3 Bb7 18. Bxb7 Qxb7 19. dxc5 bxc5 20. Rfe1 Rab8 21.
Re2 Rfd8 22. h3 Rd6 23. Nd3 Qc7 24. b4 cxb4 25. axb4 Rbd8 {Game drawn by mutual
agreement} 1/2-1/2

[Event "Team 45 45 League T33"]
[Site "Internet Chess Club"]
[Date "2007.04.30"]
[Round "2"]
[White "NFK"]
[Black "Konstantinos"]
[Result "1/2-1/2"]
[WhiteElo "1751"]
[BlackElo "1665"]
[ECO "B30"]
[TimeControl "2700+45"]

1. e4 c5 2. Nf3 Nc6 3. Bb5 a6 4. Bxc6 bxc6 5. O-O g6 6. Nc3 Bg7 7. Re1 e5 8. d3
d6 9. h3 Nf6 10. Bg5 O-O 11. Nh2 Qc7 12. Qd2 Re8 13. f4 exf4 14. Bxf4 Nh5 15.
Bg5 Bd4+ 16. Be3 Bg7 17. Nf3 Be6 18. e5 dxe5 19. Bxc5 Bd5 20. Ne4 Bxe4 21. Rxe4
Nf6 22. Re2 Nd7 23. Ba3 c5 24. Rae1 f6 25. c3 Bf8 26. d4 cxd4 27. Bxf8 Kxf8 28.
cxd4 exd4 29. Qh6+ Kf7 30. Qxh7+ Kf8 31. Rxe8+ Rxe8 32. Rxe8+ Kxe8 33. Qxg6+ Ke7
34. Qe4+ Ne5 35. Qh7+ Nf7 36. Qe4+ Kf8 37. Qxd4 Qc1+ 38. Kh2 Qc7+ 39. g3 Ne5 40.
Nxe5 Qc2+ 41. Kg1 Qc1+ 42. Kg2 fxe5 43. Qxe5 Qc6+ 44. Kf2 Qc2+ 45. Kf3 Qd1+ 46.
Kf4 Qd2+ 47. Kg4 Qd1+ 48. Kg5 Kg8 49. Qe6+ Kg7 50. Qh6+ Kg8 51. Qg6+ Kh8 52.
Qf6+ Kh7 53. h4 Qd2+ 54. Kh5 Qd5+ 55. Qg5 Qd1+ 56. g4 Kh8 57. Qe5+ Kh7 58. Qf5+
Kg7 59. Qg6+ Kf8 60. Qf6+ Kg8 61. Kh6 Qd7 62. h5 Qh7+ 63. Kg5 Qc7 64. Qg6+ Kh8
65. Kh6 Qf4+ 66. Qg5 Qf8+ 67. Kg6 Qg8+ 68. Kf5 Qd5+ 69. Kf4 Qd4+ 70. Kf3 Qd1+
71. Ke4 Qc2+ 72. Kd5 Qd3+ 73. Ke6 Qc4+ 74. Kd6 Qd4+ 75. Qd5 Qb6+ 76. Qc6 Qd8+
77. Kc5 Qa5+ 78. Kd6 Qd8+ 79. Ke6 Qg8+ 80. Kf5 Qh7+ 81. Qg6 Qd7+ 82. Kg5 Qd2+
83. Kf5 {Game drawn by mutual agreement} 1/2-1/2

[Event "Team 45 45 League T33"]
[Site "Internet Chess Club"]
[Date "2007.04.28"]
[Round "2"]
[White "Kingofknights"]
[Black "Egmont"]
[Result "1-0"]
[WhiteElo "1731"]
[BlackElo "1736"]
[ECO "A81"]
[TimeControl "2700+45"]

1. d4 f5 2. g3 g6 3. Bg2 Bg7 4. c4 d6 5. d5 Nf6 6. Nc3 O-O 7. Nf3 e6 8. dxe6 Nc6
9. Nd4 Nxd4 10. Qxd4 Ne4 11. Qd3 Nc5 12. Qd2 Nxe6 13. Rb1 f4 14. O-O Qe7 15. Nd5
Qf7 16. Nxf4 Nxf4 17. Qxf4 Qxf4 18. Bxf4 Bf5 19. e4 Bd7 20. Be3 Bc6 21. b4 Rae8
22. f3 b6 23. b5 Bd7 24. Rbd1 Be6 25. Rc1 a6 26. a4 Rf7 27. f4 axb5 28. axb5
Rfe7 29. Rfe1 h6 30. e5 dxe5 31. fxe5 g5 32. Bf2 Bf7 33. Bc6 Rd8 34. c5 Rxe5 35.
Rxe5 Bxe5 36. cxb6 cxb6 37. Bxb6 Rd2 38. Bf2 Bb2 39. Re1 Rc2 40. b6 Rxf2 41. b7
Bd4 42. b8=Q+ Kg7 43. Kh1 Rf6 44. Qb4 Bf2 45. Rc1 Be3 46. Qc3 Bxc1 47. Qxc1 Be6
48. Qc3 Kf7 49. Kg2 g4 50. Qd3 Bf5 51. Be4 Bc8 52. Bd5+ Kg7 53. Qe4 Bf5 54. Qe8
Bd3 55. Qg8# {Black checkmated} 1-0

[Event "Team 45 45 League T33"]
[Site "Internet Chess Club"]
[Date "2007.04.27"]
[Round "2"]
[White "fishhead"]
[Black "andrew28"]
[Result "1-0"]
[WhiteElo "1926"]
[BlackElo "1832"]
[ECO "C03"]
[TimeControl "2700+45"]

1. e4 e6 2. d4 d5 3. Nd2 dxe4 4. Nxe4 Nd7 5. Nf3 Ngf6 6. Ng3 c5 7. Be2 cxd4 8.
Nxd4 Bc5 9. O-O O-O 10. c4 Qb6 11. Nb3 Rd8 12. Nxc5 Nxc5 13. Qc2 Bd7 14. Be3 Qc7
15. b4 Na6 16. Qb2 Qd6 17. c5 Qe7 18. Bg5 Nc7 19. Ne4 Ncd5 20. Rac1 h6 21. Bxf6
Nxf6 22. Nxf6+ gxf6 23. Rc3 Kh7 24. b5 Rg8 25. Bf3 Bc8 26. a4 Rb8 27. g3 Rg5 28.
h4 Rg7 29. Rd1 f5 30. Kf1 f4 31. Be4+ f5 32. Bb1 Bd7 33. Rcd3 Be8 34. Qe5 Rc8
35. Rd6 fxg3 36. fxg3 a6 37. Bxf5+ exf5 38. Qxf5+ Kg8 39. Qxc8 Qf8+ 40. Ke1 Re7+
41. Re6 Qf3 42. Rxe7 Qc3+ 43. Ke2 Qb2+ 44. Rd2 {Black resigns} 1-0

[Event "Team 45 45 League T33"]
[Site "Internet Chess Club"]
[Date "2007.04.28"]
[Round "2"]
[White "RedAttack"]
[Black "MaunaKeaMike"]
[Result "1/2-1/2"]
[WhiteElo "1873"]
[BlackElo "1793"]
[ECO "E11"]
[TimeControl "2700+45"]

1. d4 Nf6 2. Nf3 e6 3. c4 Bb4+ 4. Bd2 Qe7 5. Nc3 b6 6. a3 Bxc3 7. Bxc3 Ne4 8.
Bd2 Nxd2 9. Nxd2 f5 10. e3 O-O 11. Be2 Bb7 12. Bf3 d5 13. Qe2 Nd7 14. O-O a5 15.
Rfc1 c5 16. b3 g5 17. h3 Rae8 18. cxd5 exd5 19. dxc5 Nxc5 20. b4 Ne4 21. Rab1
Rc8 22. Rxc8 Rxc8 23. Bxe4 dxe4 24. bxa5 Qxa3 25. Nc4 Qd3 26. Qxd3 exd3 27. Nxb6
Rc5 28. Rd1 Ba6 29. Nd7 Rxa5 30. f4 Ra2 31. Nc5 gxf4 32. exf4 Bb5 33. Nxd3 Bc6
34. Nf2 Kf7 35. g4 Ra4 36. Nd3 Be4 37. Nc5 Rc4 38. Nd7 Rc2 39. Ne5+ Ke6 40. g5
Rg2+ 41. Kf1 Rh2 42. Rd8 Rxh3 43. Kf2 Rh2+ 44. Ke3 Rh3+ 45. Kd4 Ke7 46. Rd7+ Ke6
47. Rd8 Ke7 48. Rh8 Rh1 49. Ke3 Kd6 50. Rg8 Rh3+ 51. Kd4 Rh1 52. Rg7 Rd1+ 53.
Ke3 Rh1 54. Rd7+ Ke6 55. Ra7 Re1+ 56. Kf2 Rh1 57. Ke2 Rh2+ 58. Ke3 Rh1 59. Ra6+
Kd5 60. Ra5+ Ke6 61. Rb5 Rh3+ 62. Kd4 Rh1 63. Rb6+ Ke7 64. Ra6 Rd1+ {Game drawn
by mutual agreement} 1/2-1/2

[Event "Team 45 45 League T33"]
[Site "Internet Chess Club"]
[Date "2007.05.01"]
[Round "2"]
[White "bonecore"]
[Black "Juan73"]
[Result "0-1"]
[WhiteElo "1652"]
[BlackElo "1791"]
[ECO "A00"]
[TimeControl "2700+45"]

1. g3 e5 2. Bg2 Nf6 3. d3 d5 4. Nd2 Bc5 5. Ngf3 Bxf2+ 6. Kxf2 Ng4+ 7. Kg1 Ne3 8.
Qe1 Nxc2 9. Qf2 Nxa1 10. Nxe5 O-O 11. Qc5 c6 12. b3 Qb6 13. Ba3 Qxc5+ 14. Bxc5
Re8 15. Kf2 Rxe5 16. Bd4 Rf5+ 17. Kg1 Nc2 18. Bxg7 Kxg7 19. Bh3 Na6 {White
resigns} 0-1

[Event "Team 45 45 League T33"]
[Site "Internet Chess Club"]
[Date "2007.04.30"]
[Round "2"]
[White "Klampin"]
[Black "Squaredance"]
[Result "1/2-1/2"]
[WhiteElo "1969"]
[BlackElo "2005"]
[ECO "D02"]
[TimeControl "2700+45"]

1. d4 d5 2. Nf3 e6 3. Bf4 c6 4. Nbd2 f5 5. e3 Nf6 6. c4 Be7 7. Rc1 Nbd7 8. Bd3
O-O 9. Ng5 e5 10. Ne6 Qa5 11. Nxf8 exf4 12. Nxd7 Bxd7 13. exf4 Bb4 14. a3 Re8+
15. Be2 Bd6 16. g3 dxc4 17. Rxc4 Be6 18. Ra4 Qd8 19. O-O a5 20. b4 axb4 21. axb4
b5 22. Ra6 Bxb4 23. Rxc6 Qxd4 24. Nf3 Qxd1 25. Rxd1 Bd5 26. Rxd5 Nxd5 27. Bxb5
Kh8 28. Bc4 Ne7 29. Rb6 Bc5 30. Rb5 Ba3 31. Ne5 g6 32. Rb7 Bc5 33. Kg2 Kg7 34.
f3 Ra8 35. g4 Ra7 36. Rb5 Rc7 37. Kg3 h6 38. Rb8 Bd6 39. Bd3 g5 40. Rb5 gxf4+
41. Kh3 Bxe5 42. Rxe5 Kf6 43. Re2 Rc3 44. Rd2 Rc5 45. gxf5 Rd5 46. Kg4 Nxf5 47.
h3 Rd4 48. Kh5 {Game drawn by mutual agreement} 1/2-1/2

[Event "Team 45 45 League T33"]
[Site "Internet Chess Club"]
[Date "2007.04.28"]
[Round "2"]
[White "tourettes"]
[Black "Vitruvian"]
[Result "1/2-1/2"]
[WhiteElo "1839"]
[BlackElo "1844"]
[ECO "C47"]
[TimeControl "2700+45"]

1. e4 e5 2. Nf3 Nf6 3. Nc3 Nc6 4. d4 exd4 5. Nxd4 Bb4 6. Qd3 Qe7 7. Nxc6 dxc6 8.
f3 Nd5 9. Bd2 Nxc3 10. Bxc3 Bxc3+ 11. Qxc3 O-O 12. O-O-O Be6 13. Kb1 Rad8 14.
Bd3 c5 15. g4 Rd4 16. Qa5 a6 17. h3 Rfd8 18. Rdf1 Qd6 19. Qa3 Bc4 20. Rc1 Bxd3
21. cxd3 Rxd3 22. Qxc5 Qxc5 23. Rxc5 c6 24. Rf1 Kf8 25. h4 Rd1+ 26. Rc1 R1d2 27.
Rc2 Ke7 28. h5 Ke6 29. f4 g6 30. Rc5 Rd1+ 31. Rxd1 Rxd1+ 32. Kc2 Rd4 33. Re5+
Kd7 34. hxg6 hxg6 35. Kc3 c5 36. g5 b6 37. a3 Rd1 38. Kc2 {Game drawn by mutual
agreement} 1/2-1/2